[ AOE2 MATCH · #477393860 ]
UnrankedRomans vs Spanish
Player's team · LOSS
Rival team · WIN
[ REPLAY ANALYSIS · EXTRACTED FROM THE RECORDED GAME ]
Feudal
8:53
Castle
19:18
Imperial
36:52
| APM avg | 32.1 |
| APM peak | 69 |
| eAPM avg | 18.9 |
| Villagers / military | 168 / 241 |
Focus
⚔️ 37.9% · 🌾 62.1%
Spearman ×126 · Militia ×70 · Scorpion ×22 · Battering Ram ×9 · Mangonel ×5 · Monk ×4
Feudal
10:56
Castle
16:42
Imperial
33:19
| APM avg | 73.9 |
| APM peak | 147 |
| eAPM avg | 53.2 |
| Villagers / military | 219 / 139 |
Focus
⚔️ 50.1% · 🌾 49.9%
Knight ×82 · Conquistador ×37 · Battering Ram ×11 · Missionary ×4 · Mangonel ×3 · Trebuchet (Packed) ×2
Match map
Initial resources + every placement click. Lines = walls · curves = elevation contours. ◆ gold · ⬟ stone · ● berries · ✦ relic · ◌ wall gap
Your base· ✓ Closed at 19:18 · 0t walls · 3 gate(s)
Parzivall's base· ✓ Closed at 16:42 · 5t walls · 7 gate(s)
Smoothed initial terrain · ◌ = detected wall gap · hover for details
Inputs per minute
— [KOF] Kryzzozz - - Parzivall
Build order — [KOF] Kryzzozz
First 150 of 565 actions detected
| 0:02 | Create | Villager (Male) |
| 0:02 | Create | Villager (Male) |
| 0:02 | Create | Villager (Male) |
| 0:03 | Build | House |
| 0:06 | Build | House |
| 0:10 | Create | Villager (Male) |
| 1:24 | Create | Villager (Male) |
| 1:24 | Create | Villager (Male) |
| 1:33 | Create | Villager (Male) |
| 1:59 | Build | Lumber Camp |
| 2:11 | Create | Villager (Male) |
| 2:11 | Create | Villager (Male) |
| 2:57 | Create | Villager (Male) |
| 2:57 | Create | Villager (Male) |
| 2:57 | Create | Villager (Male) |
| 3:45 | Create | Villager (Male) |
| 3:56 | Build | House |
| 4:01 | Create | Villager (Male) |
| 4:27 | Create | Villager (Male) |
| 4:37 | Create | Villager (Male) |
| 5:14 | Create | Villager (Male) |
| 5:44 | Build | Barracks |
| 5:52 | Create | Villager (Male) |
| 6:43 | Research | Feudal Age |
| 6:46 | Build | House |
| 7:31 | Create | Militia |
| 7:32 | Create | Militia |
| 7:32 | Create | Militia |
| 7:43 | Build | Mining Camp |
| 8:12 | Create | Villager (Male) |
| 8:37 | Create | Villager (Male) |
| 8:41 | Build | House |
| 8:53 | Age | Feudal Age |
| 8:57 | Create | Villager (Male) |
| 9:06 | Build | Watch Tower |
| 9:09 | Research | Man-at-Arms (upgrade) |
| 9:14 | Create | Villager (Male) |
| 9:32 | Build | Mill |
| 9:40 | Research | Double-Bit Axe |
| 9:53 | Create | Villager (Male) |
| 10:03 | Build | Mining Camp |
| 10:13 | Create | Villager (Male) |
| 11:00 | Create | Villager (Male) |
| 11:02 | Build | Farm |
| 11:33 | Create | Villager (Male) |
| 11:33 | Create | Villager (Male) |
| 11:33 | Create | Villager (Male) |
| 11:36 | Build | Farm |
| 11:38 | Build | Farm |
| 11:57 | Create | Villager (Male) |
| 11:57 | Create | Villager (Male) |
| 12:00 | Build | Blacksmith |
| 12:02 | Build | House |
| 12:07 | Research | Loom |
| 12:13 | Create | Villager (Male) |
| 12:18 | Build | Farm |
| 12:21 | Build | Farm |
| 12:42 | Build | Watch Tower |
| 12:59 | Create | Villager (Male) |
| 13:02 | Build | Farm |
| 13:56 | Create | Villager (Male) |
| 13:56 | Create | Villager (Male) |
| 13:59 | Build | Farm |
| 14:01 | Build | House |
| 14:05 | Build | Farm |
| 14:08 | Build | Farm |
| 14:14 | Create | Villager (Male) |
| 14:44 | Create | Villager (Male) |
| 14:44 | Create | Villager (Male) |
| 14:47 | Build | House |
| 14:51 | Build | Farm |
| 15:22 | Create | Villager (Male) |
| 15:30 | Build | Market |
| 15:38 | Build | Farm |
| 16:32 | Research | Town Watch |
| 16:38 | Research | Castle Age |
| 16:42 | Research | Horse Collar |
| 16:46 | Build | Farm |
| 17:17 | Build | Mining Camp |
| 17:34 | Research | Gold Mining |
| 17:59 | Create | Villager (Male) |
| 18:31 | Create | Villager (Male) |
| 18:57 | Create | Villager (Male) |
| 19:18 | Age | Castle Age |
| 19:20 | Build | Siege Workshop |
| 19:23 | Create | Villager (Male) |
| 19:23 | Create | Villager (Male) |
| 19:28 | Build | University |
| 19:40 | Build | Town Center |
| 19:42 | Create | Villager (Male) |
| 19:42 | Create | Villager (Male) |
| 19:46 | Research | Bow Saw |
| 19:50 | Create | Scorpion |
| 20:11 | Create | Villager (Male) |
| 20:25 | Create | Scorpion |
| 20:27 | Create | Villager (Male) |
| 20:27 | Create | Villager (Male) |
| 20:34 | Create | Villager (Male) |
| 20:45 | Create | Scorpion |
| 20:47 | Create | Villager (Male) |
| 21:02 | Create | Villager (Male) |
| 21:02 | Create | Villager (Male) |
| 21:29 | Create | Villager (Male) |
| 21:29 | Create | Villager (Male) |
| 21:33 | Create | Scorpion |
| 21:37 | Build | House |
| 21:54 | Create | Villager (Male) |
| 21:58 | Build | House |
| 22:02 | Create | Villager (Male) |
| 22:02 | Create | Villager (Male) |
| 22:04 | Build | House |
| 22:08 | Build | House |
| 22:09 | Build | House |
| 22:11 | Build | House |
| 22:16 | Create | Villager (Male) |
| 22:24 | Research | Ballistics |
| 22:27 | Create | Scorpion |
| 22:28 | Create | Scorpion |
| 22:37 | Create | Villager (Male) |
| 22:37 | Create | Villager (Male) |
| 22:53 | Build | Monastery |
| 23:02 | Create | Villager (Male) |
| 23:02 | Create | Villager (Male) |
| 23:10 | Create | Villager (Male) |
| 23:10 | Create | Villager (Male) |
| 23:17 | Create | Scorpion |
| 23:18 | Create | Scorpion |
| 23:26 | Create | Villager (Male) |
| 23:26 | Create | Villager (Male) |
| 23:28 | Create | Monk |
| 23:28 | Create | Monk |
| 23:34 | Build | Gate |
| 23:56 | Create | Villager (Male) |
| 23:56 | Create | Villager (Male) |
| 24:06 | Build | Farm |
| 24:08 | Build | Farm |
| 24:13 | Build | Farm |
| 24:29 | Create | Monk |
| 24:39 | Build | Gate |
| 24:45 | Create | Villager (Male) |
| 24:45 | Create | Villager (Male) |
| 24:56 | Create | Villager (Male) |
| 24:56 | Create | Villager (Male) |
| 25:04 | Create | Villager (Male) |
| 25:04 | Create | Villager (Male) |
| 25:07 | Create | Mangonel |
| 25:09 | Create | Villager (Male) |
| 25:09 | Create | Villager (Male) |
| 25:20 | Build | Farm |
| 25:40 | Create | Villager (Male) |
Build order — Parzivall
First 150 of 755 actions detected
| 0:01 | Create | Villager (Male) |
| 0:02 | Build | House |
| 0:05 | Build | House |
| 0:07 | Create | Villager (Male) |
| 0:10 | Create | Villager (Male) |
| 0:20 | Create | Villager (Male) |
| 0:20 | Create | Villager (Male) |
| 1:27 | Create | Villager (Male) |
| 1:27 | Create | Villager (Male) |
| 1:49 | Create | Villager (Male) |
| 1:49 | Create | Villager (Male) |
| 1:52 | Build | Lumber Camp |
| 2:20 | Create | Villager (Male) |
| 2:49 | Create | Villager (Male) |
| 2:50 | Create | Villager (Male) |
| 2:54 | Create | Villager (Male) |
| 2:54 | Create | Villager (Male) |
| 3:32 | Create | Villager (Male) |
| 3:42 | Create | Villager (Male) |
| 3:57 | Build | House |
| 4:32 | Create | Villager (Male) |
| 4:32 | Create | Villager (Male) |
| 4:32 | Create | Villager (Male) |
| 4:32 | Create | Villager (Male) |
| 4:41 | Build | Mill |
| 5:13 | Create | Villager (Male) |
| 5:33 | Create | Villager (Male) |
| 5:52 | Create | Villager (Male) |
| 6:15 | Build | House |
| 6:20 | Build | Mining Camp |
| 6:32 | Build | Farm |
| 6:35 | Build | Farm |
| 6:38 | Create | Villager (Male) |
| 7:11 | Create | Villager (Male) |
| 7:45 | Create | Villager (Male) |
| 8:02 | Build | Farm |
| 8:14 | Create | Villager (Male) |
| 8:29 | Build | House |
| 8:37 | Research | Feudal Age |
| 8:37 | Research | Feudal Age |
| 8:37 | Research | Feudal Age |
| 9:24 | Build | House |
| 9:58 | Build | Palisade Gate |
| 10:06 | Build | Palisade Gate |
| 10:14 | Build | Palisade Wall |
| 10:14 | Build | Palisade Wall |
| 10:21 | Build | Palisade Gate |
| 10:28 | Build | Palisade Gate |
| 10:41 | Create | Villager (Male) |
| 10:44 | Research | Loom |
| 10:45 | Create | Villager (Male) |
| 10:56 | Age | Feudal Age |
| 10:59 | Build | Watch Tower |
| 11:05 | Build | Market |
| 11:18 | Build | Mining Camp |
| 11:23 | Build | Watch Tower |
| 11:32 | Create | Villager (Male) |
| 12:16 | Build | Palisade Gate |
| 12:29 | Build | Palisade Wall |
| 12:30 | Build | Palisade Wall |
| 12:38 | Build | Watch Tower |
| 12:51 | Create | Villager (Male) |
| 12:54 | Build | Blacksmith |
| 13:03 | Build | Palisade Wall |
| 13:21 | Create | Villager (Male) |
| 13:57 | Create | Villager (Male) |
| 14:02 | Research | Castle Age |
| 14:02 | Research | Castle Age |
| 14:03 | Research | Castle Age |
| 14:03 | Research | Castle Age |
| 14:04 | Research | Double-Bit Axe |
| 14:04 | Research | Double-Bit Axe |
| 14:04 | Research | Double-Bit Axe |
| 14:07 | Research | Horse Collar |
| 14:07 | Research | Horse Collar |
| 14:08 | Research | Horse Collar |
| 14:29 | Build | House |
| 14:51 | Create | Villager (Male) |
| 15:03 | Build | Outpost |
| 15:09 | Build | House |
| 15:22 | Build | Farm |
| 15:27 | Build | Farm |
| 15:28 | Build | Farm |
| 15:38 | Research | Wheelbarrow |
| 15:39 | Create | Villager (Male) |
| 15:59 | Build | Outpost |
| 16:38 | Build | Farm |
| 16:42 | Age | Castle Age |
| 16:47 | Build | Town Center |
| 17:04 | Research | Bow Saw |
| 17:04 | Research | Bow Saw |
| 17:04 | Research | Bow Saw |
| 17:42 | Create | Villager (Male) |
| 17:49 | Create | Villager (Male) |
| 17:52 | Build | Farm |
| 17:56 | Build | Farm |
| 18:05 | Create | Villager (Male) |
| 18:13 | Build | Farm |
| 18:23 | Build | Farm |
| 18:25 | Build | Farm |
| 18:29 | Create | Villager (Male) |
| 18:29 | Create | Villager (Male) |
| 18:29 | Create | Villager (Male) |
| 18:54 | Create | Villager (Male) |
| 18:56 | Build | Farm |
| 19:01 | Build | Farm |
| 19:03 | Create | Villager (Male) |
| 19:04 | Build | House |
| 19:23 | Create | Villager (Male) |
| 19:40 | Create | Villager (Male) |
| 19:57 | Create | Villager (Male) |
| 20:01 | Build | Castle |
| 20:13 | Create | Villager (Male) |
| 20:14 | Create | Villager (Male) |
| 20:40 | Build | Town Center |
| 20:44 | Create | Villager (Male) |
| 20:45 | Create | Villager (Male) |
| 20:49 | Build | Farm |
| 20:49 | Build | Farm |
| 20:50 | Create | Villager (Male) |
| 20:54 | Build | Farm |
| 20:56 | Build | Farm |
| 21:09 | Create | Villager (Male) |
| 21:17 | Build | Farm |
| 21:17 | Create | Villager (Male) |
| 21:33 | Create | Conquistador |
| 21:34 | Create | Conquistador |
| 21:36 | Create | Villager (Male) |
| 21:37 | Create | Villager (Male) |
| 21:39 | Build | Farm |
| 21:42 | Build | Farm |
| 21:44 | Build | Farm |
| 21:49 | Create | Villager (Male) |
| 21:56 | Create | Villager (Male) |
| 22:03 | Create | Villager (Male) |
| 22:08 | Build | Farm |
| 22:13 | Create | Villager (Male) |
| 22:16 | Build | Farm |
| 22:18 | Build | Farm |
| 22:24 | Create | Conquistador |
| 22:27 | Build | Farm |
| 22:29 | Build | Farm |
| 22:33 | Create | Villager (Male) |
| 22:38 | Create | Conquistador |
| 22:43 | Build | Farm |
| 22:59 | Create | Villager (Male) |
| 23:02 | Build | Monastery |
| 23:03 | Create | Villager (Male) |
| 23:06 | Create | Conquistador |
| 23:12 | Create | Villager (Male) |
Match timeline
| 5:44 | [KOF] Kryzzozz · first_building Barracks |
| 8:53 | [KOF] Kryzzozz · age_up feudal |
| 10:14 | Parzivall · wall_segment Palisade Wall x1 |
| 10:14 | Parzivall · wall_segment Palisade Wall x1 |
| 10:56 | Parzivall · age_up feudal |
| 12:29 | Parzivall · wall_segment Palisade Wall x1 |
| 12:30 | Parzivall · wall_segment Palisade Wall x1 |
| 13:03 | Parzivall · wall_segment Palisade Wall x1 |
| 14:01 | Parzivall · first_market_sell 100 food |
| 16:42 | Parzivall · age_up castle |
| 17:03 | Parzivall · first_market_buy 100 wood |
| 19:18 | [KOF] Kryzzozz · age_up castle |
| 19:20 | [KOF] Kryzzozz · first_building Siege Workshop |
| 20:01 | Parzivall · first_building Castle |
| 22:19 | [KOF] Kryzzozz · first_market_buy 100 wood |
| 22:53 | [KOF] Kryzzozz · first_building Monastery |
| 23:02 | Parzivall · first_building Monastery |
| 26:38 | Parzivall · first_building Barracks |
| 27:27 | Parzivall · first_building Siege Workshop |
| 33:04 | Parzivall · first_building Stable |
| 33:19 | Parzivall · age_up imperial |
| 34:02 | [KOF] Kryzzozz · first_building Stable |
| 34:31 | Parzivall · wall_segment Stone Wall x10 |
| 35:58 | [KOF] Kryzzozz · first_building Castle |
| 36:52 | [KOF] Kryzzozz · age_up imperial |
| 41:47 | Parzivall · first_building Archery Range |
| 55:21 | [KOF] Kryzzozz · resign |
[ AI ANALYSIS · 1 CREDIT ]
What really happened in this match?
Wolo.gg analyzes every decision: build order, eco, micro, common mistakes by bracket. Personalized analysis on WhatsApp or Discord in 30 seconds.
Civ guide
Romans
Perfil
Jugador #2668009